 Dungeon Crawl Stone Soup version 0.23-a0-643-g9ccc95a (webtiles) character file.

3465 Amnesiac the Carver (level 9, -3/66 HPs)
             Began as a Spriggan Berserker on Dec 31, 2018.
             Was an Elder of Trog.
             Slain by a hippogriff (12 damage)
             ... on level 7 of the Dungeon.
             The game lasted 00:12:19 (9263 turns).

Amnesiac the Carver (Spriggan Berserker)            Turns: 9263, Time: 00:12:20

Health: -3/66      AC:  6    Str: 19 (21) XL:     9   Next: 78%
Magic:  11/11      EV: 24    Int:  4 (6)  God:    Trog [****..]
Gold:   115        SH:  4    Dex: 16      Spells: 8/8 levels left

rFire    + . .     SeeInvis +   a - +0 falchion
rCold    . . .     Gourm    .   (shield restricted)
rNeg     . . .     Faith    .   p - +2 robe {rF+}
rPois    .         Spirit   .   (helmet restricted)
rElec    .         Reflect  .   (no cloak)
rCorr    .         Harm     .   (gloves unavailable)
MR       +....                  (boots unavailable)
Stlth    ..........             (no amulet)
HPRegen  0.21/turn              (no ring)
MPRegen  0.12/turn              (no ring)

@: berserking, drained, very quick
A: very small, unfitting armour, large bone plates 1, molten scales 1, see
invisible, deterioration 1, dopey 1, herbivore, speed 3, slow metabolism 2
a: Berserk, Trog's Hand, Brothers in Arms, Renounce Religion


You were on level 7 of the Dungeon.
You worshipped Trog.
Trog was greatly pleased with you.
You were not hungry.

You visited 2 branches of the dungeon, and saw 8 of its levels.
You also visited: Ossuary.

You collected 576 gold pieces.
You spent 461 gold pieces at shops.

Inventory:

Hand Weapons
 a - a +0 falchion (weapon)
 b - a +0 blowgun
 D - a +2 dagger of speed
Missiles
 o - 25 poisoned needles
 B - 3 throwing nets (quivered)
Armour
 p - a +2 robe of fire resistance (worn)
 E - a +1 robe of magic resistance
Jewellery
 m - an uncursed ring of fire
Wands
 z - a wand of disintegration (9)
 F - a wand of polymorph (6)
Scrolls
 d - 4 scrolls of magic mapping {!r, unknown}
 g - 2 scrolls of enchant armour {!r, unknown}
 h - 3 scrolls of remove curse {!r}
 i - 4 scrolls of amnesia {!r, unknown}
 j - 7 scrolls of fear {!r, unknown}
 l - 7 scrolls of teleportation {!r}
 n - 2 scrolls of enchant weapon {!r, unknown}
 q - a scroll of fog {!r}
 v - a scroll of random uselessness {!r, unknown}
 w - a scroll of blinking {!r}
 y - a scroll of silence {!r}
 C - 3 scrolls of identify {!r}
Potions
 e - 5 potions of curing {!q}
 f - 2 potions of invisibility {!q}
 k - 2 potions of cancellation {!q}
 r - 3 potions of heal wounds {!q}
 s - 2 potions of haste {!q}
 t - a potion of mutation {!q}
 u - a potion of might {!q, unknown}
 x - a potion of magic {!q, unknown}
 A - 2 potions of flight {!q, unknown}
 G - a potion of agility {!q}
 H - a potion of brilliance {!q, unknown}
Comestibles
 c - 11 rations


   Skills:
 - Level 3.0(2.8) Fighting
 * Level 10.8(10.5) Long Blades
 - Level 9.1(8.9) Dodging
 + Level 1.6(1.4) Evocations


You had 8 spell levels left.
You didn't know any spells.
Your spell library was empty.

Dungeon Overview and Level Annotations

Branches:
Dungeon (7/15)             Temple (1/1) D:5

Altars:
Ashenzari
Fedhas
Makhleb
Trog
Uskayaw
Wu Jian
Yredelemnul

Shops:
D:4 ?   D:7 ?=![


Innate Abilities, Weirdness & Mutations

You are very small and have problems with some larger weapons.
You are too small for most types of armour.
You have supernaturally acute eyesight. (SInv)
You are a herbivore.
You cover ground extremely quickly.
You need to consume almost no food.
You are partially covered in large bone plates. (SH +4)
You are partially covered in molten scales. (AC +2)
Your body sometimes deteriorates upon taking damage.
You are dopey. (Int -2)


Message History

There are monsters nearby!
You hit the steam dragon but do no damage.
The steam dragon closely misses you. x2
You hit the steam dragon but do no damage.
The steam dragon completely misses you.
You riposte.
You slash the steam dragon!
The steam dragon is moderately wounded.
The steam dragon closely misses you.
Unknown command.
You slash the hippogriff!
The hippogriff is moderately wounded.
The hippogriff closely misses you. The hippogriff misses you.
The hippogriff completely misses you.
You barely miss the hippogriff.
The hippogriff is moderately wounded.
The hippogriff barely misses you. The hippogriff completely misses you.
The hippogriff misses you.
You hit the hippogriff.
The hippogriff is moderately wounded.
You hit the hippogriff.
The hippogriff is moderately wounded.
The hippogriff misses you.
The hippogriff pecks you but does no damage.
The hippogriff barely misses you.
You hit the hippogriff.
The hippogriff is moderately wounded.
The hippogriff closely misses you.
You riposte.
You closely miss the hippogriff.
The hippogriff is moderately wounded.
The hippogriff pecks you but does no damage.
The hippogriff claws you.
You hit the hippogriff but do no damage.
The hippogriff is moderately wounded.
The hippogriff completely misses you.
You riposte.
You slash the hippogriff!
The hippogriff is heavily wounded.
The hippogriff pecks you. The hippogriff completely misses you.
You hit the hippogriff but do no damage.
The hippogriff is heavily wounded.
You hit the hippogriff but do no damage.
The hippogriff is heavily wounded.
The hippogriff bites you!
* * * LOW HITPOINT WARNING * * *
Your body deteriorates!
You feel weakened.
The hippogriff completely misses you. x2
You hit the hippogriff.
The hippogriff is severely wounded.
The hippogriff bites you.
* * * LOW HITPOINT WARNING * * *
The hippogriff pecks you!
* * * LOW HITPOINT WARNING * * *
The hippogriff closely misses you.
You are too injured to fight recklessly!
You are too injured to fight recklessly!
You are too injured to fight recklessly!
You are too injured to fight recklessly!
A red film seems to cover your vision as you go berserk!
You feel yourself moving faster!
You feel mighty!
You feel a lot more hungry. The hippogriff bites you!
* * * LOW HITPOINT WARNING * * *
The hippogriff completely misses you. The hippogriff closely misses you.
You slash the hippogriff!
The hippogriff is almost dead.
The hippogriff bites you!
You die...

### ##+### ###.## ≈≈.≈≈#
##.#..##≈8.8≈#
#.....@HD.∩..+
#......#≈8.8≈#
#....#.#≈≈.≈≈#......###
##.....###+###.........
##.....................
##......................
##.................##....
#..................##....
##.....................#.


You could see a hippogriff and a steam dragon.

Vanquished Creatures
  Joseph (D:7)
  Sigmund (D:3)
  A wraith (Ossuary)
  Eustachio (D:6)
  An orc warrior (D:6)
  2 ice beasts
  A necrophage (D:7)
  3 ogres (D:6)
  2 phantoms
  3 centaurs
  A big kobold (D:7)
  4 bullfrogs (D:6)
  A scorpion (D:6)
  A water moccasin skeleton (D:6)
  3 wights (D:7)
  A howler monkey (D:4)
  A crimson imp (D:6)
  4 orc priests
  2 centaur skeletons
  2 jellies
  A bullfrog skeleton (D:6)
  3 iron imps (D:6)
  2 orc wizards (D:6)
  4 iguanas
  8 worker ants
  A hound zombie (D:5)
  2 mummies
  7 gnolls
  8 adders
  An ooze (D:7)
  An adder skeleton (D:5)
  4 worms
  3 leopard geckos
  8 orcs
  8 giant cockroaches
  6 goblins
  6 hobgoblins
  15 jackals
  7 kobolds
  6 quokkas
  A ball python (D:4)
  6 bats
  7 frilled lizards
  A giant cockroach zombie (D:6)
  6 gnoll skeletons (Ossuary)
  A hobgoblin zombie (D:4)
  4 kobold skeletons (Ossuary)
  A leopard gecko skeleton (D:4)
  15 orc skeletons (Ossuary)
  An orc zombie (D:4)
  A quokka skeleton (D:4)
  7 rats
188 creatures vanquished.

Vanquished Creatures (others)
  A scorpion (D:3)
1 creature vanquished.

Grand Total: 189 creatures vanquished

Notes
Turn   | Place    | Note
-------+----------+-------------------------------------------
     0 | D:1      | Amnesiac the Spriggan Berserker began the quest for the
                  | Orb.
     0 | D:1      | Reached XP level 1. HP: 11/11 MP: 2/2
   410 | D:1      | Reached XP level 2. HP: 15/16 MP: 3/3
   885 | D:2      | Reached skill level 3 in Long Blades
   885 | D:2      | Reached XP level 3. HP: 9/19 MP: 4/4
  1042 | D:2      | Reached ** piety under Trog
  1266 | D:2      | Reached skill level 5 in Dodging
  1543 | D:2      | Reached XP level 4. HP: 9/23 MP: 5/5
  1994 | D:3      | Noticed Sigmund
  2220 | D:3      | HP: 1/36 [orc priest/divine providence (12)]
  2513 | D:3      | Reached skill level 4 in Long Blades
  2513 | D:3      | Reached XP level 5. HP: 28/28 MP: 6/6
  2545 | D:3      | Found a basalt altar of Yredelemnul.
  2651 | D:3      | Gained mutation: You are partially covered in molten
                  | scales. (AC +2) [potion of mutation]
  2651 | D:3      | Gained mutation: Your body sometimes deteriorates upon
                  | taking damage. [potion of mutation]
  2651 | D:3      | Gained mutation: You are dopey. (Int -2) [potion of
                  | mutation]
  2651 | D:3      | Gained mutation: You are partially covered in large bone
                  | plates. (SH +4) [potion of mutation]
  2970 | D:3      | Killed Sigmund
  2970 | D:3      | Reached XP level 6. HP: 28/32 MP: 7/7
  3281 | D:4      | Found a hide-covered altar of Uskayaw.
  3282 | D:4      | Found a bloodstained altar of Trog.
  3321 | D:4      | Reached skill level 5 in Long Blades
  3371 | D:4      | Found a sand-covered staircase.
  3391 | Ossuary  | Entered an ossuary
  3391 | Ossuary  | Noticed a wraith
  3391 | Ossuary  | Noticed a wraith
  3391 | Ossuary  | Noticed a wraith
  3561 | Ossuary  | Reached *** piety under Trog
  3639 | Ossuary  | Noticed a wraith
  3659 | Ossuary  | Killed a wraith
  3659 | Ossuary  | Reached XP level 7. HP: 36/36 MP: 8/8
  3741 | D:4      | Found an ornate altar of the Wu Jian Council.
  3866 | D:4      | Found Laypp's Magic Scroll Shop.
  3875 | D:4      | Bought a scroll of blinking for 90 gold pieces
  3875 | D:4      | Bought a scroll of immolation for 42 gold pieces
  3875 | D:4      | Bought a scroll of silence for 90 gold pieces
  4206 | D:4      | Reached skill level 6 in Long Blades
  4618 | D:5      | Entered Level 5 of the Dungeon
  4821 | D:5      | Reached **** piety under Trog
  4837 | D:5      | Found a staircase to the Ecumenical Temple.
  5180 | D:5      | Found a blossoming altar of Fedhas.
  5392 | D:5      | Reached XP level 8. HP: 40/40 MP: 9/9
  5584 | Temple   | Entered the Ecumenical Temple
  5598 | D:6      | Noticed Eustachio
  5697 | D:6      | Killed Eustachio
  5864 | D:6      | Reached skill level 7 in Long Blades
  6314 | D:6      | Reached skill level 8 in Long Blades
  6462 | D:6      | Found a burning altar of Makhleb.
  6831 | D:6      | Reached skill level 9 in Long Blades
  6831 | D:6      | Reached XP level 9. HP: 44/44 MP: 10/10
  7579 | D:6      | Found a burning altar of Makhleb.
  8164 | D:7      | Found Astremnuv's Distillery.
  8187 | D:7      | Bought a potion of heal wounds for 50 gold pieces
  8187 | D:7      | Bought a potion of degeneration for 10 gold pieces
  8187 | D:7      | Bought a potion of agility for 40 gold pieces
  8187 | D:7      | Bought a potion of haste for 100 gold pieces
  8209 | D:7      | Noticed Joseph
  8216 | D:7      | Found Tekk's Magic Scroll Shoppe.
  8413 | D:7      | Reached skill level 10 in Long Blades
  8417 | D:7      | Killed Joseph
  8646 | D:7      | Bought a scroll of remove curse for 39 gold pieces
  8910 | D:7      | Found Lahoar's Antique Armour Emporium.
  9162 | D:7      | Reached skill level 1 in Evocations
  9170 | D:7      | Found a shattered altar of Ashenzari.
  9247 | D:7      | Found Nuahy's Jewellery Boutique.
  9263 | D:7      | Slain by a hippogriff

Vault maps used:
D:1:      nzn_arrival_settlement
D:3:      overflow_temple_1_default, uniq_sigmund
D:4:      old_standard_altar, gammafunk_temple_overflow_statue,
          nicolae_ossuary_entry_giza, serial_shops, shop
D:5:      fedhas_ov_isle_minmay, minmay_temple_entry_tees, first_ration
D:6:      minmay_chambers_of_threes, demons_altar, feat_on_display,
          uniq_eustachio
D:7:      marbit_many_paths, serial_shops, shop, shop, nicolae_shop_crystal,
          shop_fountains, kennysheep_little_box, serial_column_ruins,
          column_ruins_hut_pillars, column_ruins_circle_medium,
          column_ruins_columns_straight, column_ruins_open_tiny,
          column_ruins_open_tiny, column_ruins_open_large,
          column_ruins_columns_corner, column_ruins_open_tiny,
          hangedman_decor_peaks_small, chequers_serial_rivers_large_a,
          skrybe_limestone_x, grunt_decor_arrowhead, uniq_joseph
Temple:   minmay_temple_bridge_abc
Ossuary:  ossuary_due_mausoleum

Skill      XL: |  1  2  3  4  5  6  7  8  9 |
---------------+----------------------------+-----
Long Blades    | 3 4 5 6 9 10 | 10.8
Dodging        | 5 6 7 8 9 |  9.1
Fighting       | 3 |  3.0
Evocations     | 1 |  1.6

Action                   |  1- 3 |  4- 6 |  7- 9 || total
-------------------------+-------+-------+-------++-------
Melee: Falchion          |   114 |   152 |   627 ||   893
 Fire: Blowgun           |       |     9 |       ||     9
Invok: Berserk           |     1 |     6 |     9 ||    16
Evoke: Wand              |       |       |     7 ||     7
  Use: Scroll            |     3 |     1 |       ||     4
       Potion            |       |     2 |       ||     2
 Stab: Sleeping          |     1 |     1 |     6 ||     8
       Distracted        |       |       |     1 ||     1
  Eat: Ration            |       |     5 |     8 ||    13
Armor: Animal skin       |    10 |     4 |       ||    14
       Robe              |       |     3 |    33 ||    36
Dodge: Dodged            |   119 |   128 |   475 ||   722
Block: Other             |       |    10 |    80 ||    90
       Rpst.: Falchion   |    41 |    43 |   135 ||   219

Table legend:
 A = Non-vault XP
 B = Vault XP
 C = Vault XP percentage of total XP
 D = Non-vault monster count
 E = Vault monster count
 F = Vault count percentage of total count
                 A         B        C        D         E       F
            +---------+---------+-------+---------+---------+-------
      Total |    2959 |    1992 |  40.2 |     143 |      46 |  24.3
            +---------+---------+-------+---------+---------+-------
        D:1 |      23 |       0 |   0.0 |      15 |       0 |   0.0
        D:2 |     110 |       0 |   0.0 |      28 |       0 |   0.0
        D:3 |     146 |     220 |  60.1 |      20 |       1 |   4.8
        D:4 |     360 |      20 |   5.3 |      17 |       3 |  15.0
        D:5 |     292 |       0 |   0.0 |      17 |       0 |   0.0
        D:6 |    1393 |     889 |  39.0 |      32 |      13 |  28.9
        D:7 |     635 |     603 |  48.7 |      14 |       2 |  12.5
    Ossuary |       0 |     260 | 100.0 |       0 |      27 | 100.0
            +---------+---------+-------+---------+---------+-------
